 Dungeon Crawl Stone Soup version 0.32-a0-656-g3542139ebd (webtiles) character file.

Game seed: 8544720989748029589

59 ytrimaz the Gusty (level 3, -2/26 HPs)
             Began as a Demigod Air Elementalist on Mar 8, 2024.
             Slain by Jessica
             ... wielding a +0 club
              (5 damage)
             ... on level 2 of the Dungeon.
             The game lasted 00:01:37 (2118 turns).

ytrimaz the Gusty (Demigod Air Elementalist)        Turns: 2118, Time: 00:01:38

Health: -2/26      AC:  2    Str:  9    XL:     3   Next: 54%
Magic:  8/9        EV: 12    Int: 21    God:
Gold:   111        SH:  0    Dex: 14    Spells: 6/7 levels left

rFire   . . .        (no weapon)
rCold   . . .        (no shield)
rNeg    . . .        a - +0 robe
rPois   .            (no helmet)
rElec   .            f - scarf {+Inv}
rCorr   .            (no gloves)
SInv    .            (no boots)
Will    .....        (no amulet)
Stlth   ++           (no ring)
HPRegen 0.24/turn    (no ring)
MPRegen 0.11/turn

%: no passive effects
@: no status effects
A: high MP 1, forlorn, divine attributes
a: Evoke Invisibility


You were on level 2 of the Dungeon.
You visited 1 branch of the dungeon, and saw 3 of its levels.

You collected 111 gold pieces.


Innate Abilities, Weirdness & Mutations

You have an increased reservoir of magic. (+10% MP)
You shall have no god before yourself.
Your divine heritage dramatically boosts your attributes as you level up.


   Skills:
 - Level 1.7 Dodging
 - Level 1.7 Stealth
 + Level 2.5 Spellcasting
 + Level 2.0 Conjurations
 + Level 3.3 Air Magic


You had 6 spell levels left.
You knew the following spells:

 Your Spells              Type           Power      Damage    Failure   Level
a - Shock                 Conj/Air       52%        1d6       4%          1

Your spell library contained the following spells:

 Spells                   Type           Power      Damage    Failure   Level
 Static Discharge         Conj/Air       26%        3-5/arc   7%          2
 Swiftness                Air            16%        N/A       11%         3
 Airstrike                Air            8%         2d(2-18)  34%         4

Inventory:

Armour
 a - a +0 robe (worn)
 f - a scarf of invisibility (worn)
   (You found it on level 1 of the Dungeon)
Wands
 k - a wand of iceblast (7)
   (You found it on level 2 of the Dungeon)
Scrolls
 c - a scroll of teleportation {unknown}
 d - 2 scrolls of vulnerability {unknown}
 e - a scroll of poison {unknown}
 h - 2 scrolls of identify {unknown}
 l - a scroll of fear {unknown}
 m - a scroll of torment {unknown}
 o - a scroll of noise {unknown}
Potions
 g - a potion of berserk rage {unknown}
 i - 2 potions of haste {unknown}
 j - 2 potions of cancellation {unknown}
 n - a potion of might {unknown}

Dungeon Overview and Level Annotations

Branches:
Dungeon (3/15) Zot: 15881

Annotations:
D:2 Jessica

#.........#############.#
'.........'...(.>.......#
#.......(.######.########
..........# #.#
..........# #.#
..........# #†#
#.........# #.#
#.........# #.#
#.........# #@#
#.........# #@#
#.........# #.#
########### #.# ..# #.#
..# #.# ..# #.# ..# #.#
..# #.#


You could see Jessica (fast).


Message History

You lost 1 mp, and now have 7/9 mp.
The zap hits the jackal.
The jackal barely misses you. The jackal closely misses you. 😎 MP[-1]
You lost 1 mp, and now have 6/9 mp.
Unknown command.
The zap misses the jackal.
The jackal closely misses you.
A hobgoblin comes into view. 😎 MP[-1]
You lost 1 mp, and now have 5/9 mp.
Unknown command.
The zap hits the jackal.
The hobgoblin shouts!
You hear a bark!
The jackal barely misses you.
The jackal bites you but does no damage. 😎 MP[-1]
You lost 1 mp, and now have 4/9 mp.
The zap hits the jackal.
You kill the jackal!
A hound comes into view.
Your Conjurations skill increases to level 2!
Unknown command. 😎 MP[-1]
You lost 1 mp, and now have 3/9 mp.
The zap hits Jessica.
The hound barks!
Jessica misses you. 😎 MP[-1]
You lost 1 mp, and now have 2/9 mp.
Unknown command.
You miscast Shock.
You are very lightly contaminated with residual magic.
Nothing appears to happen.
Jessica hits you with a +0 club.
The hound pauses to sniff the ground. 😕 HP[-3] MP[-1]
You take 3 damage, and now have 23/26 hp.
You lost 1 mp, and now have 1/9 mp.
The hobgoblin misses you. Jessica barely misses you.
You climb upwards.
There is a stone staircase leading down here. 😕 MP[+1] Unknown command.
Unknown command.
Okay, then.
Jessica hits you with a +0 club.
The hobgoblin barely misses you. 😕 HP[-3]
You take 3 damage, and now have 20/26 hp.
Jessica casts a spell at you.
You barely resist.
The hobgoblin attacks as it pursues you!
The hobgoblin hits you. 😮 HP[-2]
You take 2 damage, and now have 18/26 hp.
Your magical contamination has completely faded away.
Unknown command.
Jessica mumbles something strange.
Jessica gestures wildly while chanting.
Jessica seems to speed up. 😮 HP[+1]
Aiming: Shock (safe; 4% risk of failure)
Press: ? - help, Q - select action, (/) - cycle Shift-Dir - straight line, f - hobgoblin
Aim: a hobgoblin (68% to hit)
The zap hits the hobgoblin.
The zap hits Jessica. 😮 MP[-1]
You lost 1 mp, and now have 1/9 mp.
Unknown command.
Aiming: Shock (safe; 4% risk of failure)
Press: ? - help, Q - select action, (/) - cycle Shift-Dir - straight line, f/p - hobgoblin
Aim: a hobgoblin (heavily wounded, 68% to hit)
The zap hits the hobgoblin.
The zap hits Jessica.
The hobgoblin hits you. 😮 HP[-2] MP[-1]
You take 2 damage, and now have 17/26 hp.
You lost 1 mp, and now have 0/9 mp.
Unknown command.
You hit the hobgoblin.
You kill the hobgoblin!
Jessica casts a spell at you. Pain shoots through your body!
* * * LOW HITPOINT WARNING * * *
😨 HP[-10] MP[+1]
You take 10 damage, and now have 7/26 hp.
MASSIVE DAMAGE!! (PAUSE) Jessica casts a spell at you.
Pain shoots through your body!
* * * LOW HITPOINT WARNING * * *
😱 HP[-4]
You take 4 damage, and now have 3/26 hp.
Jessica gestures wildly while chanting.
Jessica blinks!
Unknown command.
Magic courses through your body. 😱 MP[+8]
Your mp is fully restored (9).
Aiming: Shock (safe; 4% risk of failure)
Press: ? - help, Q - select action, (/) - cycle Shift-Dir - straight line, f - Jessica
Aim: Jessica, wielding a +0 club and wearing a +0 robe (severely wounded, fast, 68% to hit)
The zap hits Jessica but does no damage.
Jessica hits you with a +0 club.
You die...

Skill      XL: |  1  2  3 |
---------------+----------+-----
Conjurations   | 1 2 |  2.0
Spellcasting   | 2 |  2.5
Air Magic      | 3 |  3.3
Dodging        | |  1.7
Stealth        | |  1.7

Action                     || total
---------------------------++-------
  Melee: Unarmed           ||    27
   Cast: Shock             ||    77
    Use: Potion            ||     1
 Armour: Robe              ||    21
  Dodge: Dodged            ||    38

Levels and vault maps discovered:
D:1:      nicolae_arrival_memento_mori, layout_basic
D:2:      minmay_razor_zed, layout_basic
D:3:      layout_rooms, mainiacjoe_overflow_catwalk,
          mainiacjoe_overflow_concentric_impassable,
          grunt_dithmenos_smoke_and_mirrors, uniq_jessica

Notes
Turn   | Place    | Note
-------+----------+-------------------------------------------
     0 | D:1      | ytrimaz the Demigod Air Elementalist began the quest for
                  | the Orb.
     0 | D:1      | Reached XP level 1. HP: 14/14 MP: 5/5
     0 | D:1      | magus.rc [v1.9.6]
   141 | D:1      | Reached skill level 1 in Conjurations
   309 | D:1      | Reached skill level 2 in Spellcasting
   536 | D:1      | Reached XP level 2. HP: 20/20 MP: 2/7
   678 | D:1      | Reached skill level 3 in Air Magic
  1185 | D:2      | Reached XP level 3. HP: 26/26 MP: 1/9
  2096 | D:3      | Noticed Jessica
  2103 | D:3      | Reached skill level 2 in Conjurations
  2115 | D:2      | HP: 3/26 [Jessica/nerve-wracking pain (5)]
  2118 | D:2      | Slain by Jessica

Vanquished Creatures
  2 adders (D:2)
  A dart slug (D:2)
  A ribbon worm (D:2)
  4 ball pythons
  3 endoplasms
  2 giant cockroaches (D:1)
  6 hobgoblins
  2 jackals (D:3)
  A quokka (D:2)
  8 bats
  4 frilled lizards
  A kobold (D:2)
  2 rats (D:2)
37 creatures vanquished.

Table legend:
 A = Non-vault XP
 B = Vault XP
 C = Vault XP percentage of total XP
 D = Non-vault monster count
 E = Vault monster count
 F = Vault count percentage of total count
                 A         B        C        D         E       F
            +---------+---------+-------+---------+---------+-------
      Total |      70 |      15 |  17.6 |      26 |      11 |  29.7
            +---------+---------+-------+---------+---------+-------
        D:1 |      22 |       0 |   0.0 |      14 |       0 |   0.0
        D:2 |      44 |      15 |  25.4 |      10 |      11 |  52.4
        D:3 |       4 |       0 |   0.0 |       2 |       0 |   0.0
            +---------+---------+-------+---------+---------+-------

Skill      XL: |  1  2  3 |
---------------+----------+-----
Conjurations   | 1 2 |  2.0
Spellcasting   | 2 |  2.5
Air Magic      | 3 |  3.3
Dodging        | |  1.7
Stealth        | |  1.7

Action                     || total
---------------------------++-------
  Melee: Unarmed           ||    27
   Cast: Shock             ||    77
    Use: Potion            ||     1
 Armour: Robe              ||    21
  Dodge: Dodged            ||    38

Illustrated notes

Table legend:
 A = Kills in this place as a percentage of kills in the entire game.
 B = Kills by you in this place as a percentage of kills by you in the entire game.
 C = Kills by friends in this place as a percentage of kills by friends in the entire game.
 D = Other kills in this place as a percentage of other kills in the entire game.
 E = Experience gained in this place as a percentage of experience gained in the entire game.
 F = Experience gained in this place divided by the number of levels of this place that you have seen.
                   A       B       C       D       E      F
               +-------+-------+-------+-------+-------+----------------------
         Total | 100.0 | 100.0 |   N/A |   N/A | 100.0 |  28.3
       Dungeon | 100.0 | 100.0 |   N/A |   N/A | 100.0 |  28.3
               +-------+-------+-------+-------+-------+----------------------

Table legend: (Time is in decaauts)
 A = Elapsed time spent in this place.
 B = Non-inter-level travel time spent in this place.
 C = Inter-level travel time spent in this place.
 D = Time resting spent in this place.
 E = Time spent auto-exploring this place.
 F = Levels seen in this place.
 G = Mean time per level.
                   A        B        C        D        E       F      G
               +--------+--------+--------+--------+--------+-----+--------+
         Total |   2117 |   2078 |     39 |      0 |   1887 |   3 |  705.7 |
       Dungeon |   2117 |   2078 |     39 |      0 |   1887 |   3 |  705.7 |
               +--------+--------+--------+--------+--------+-----+--------+

Top non-repeatable levels by time:
     D:2: 1085 daAuts
     D:1: 1023 daAuts
     D:3: 9 daAuts
